 Dungeon Crawl Stone Soup version 0.22-a0-799-g88f5e90 (webtiles) character file.

10 iamserjio the Ducker (level 2, -2/16 HPs)
             Began as a Spriggan Monk on July 21, 2018.
             Slain by an ice beast (13 damage)
             ... on level 3 of the Dungeon.
             The game lasted 00:01:30 (255 turns).

iamserjio the Ducker (Spriggan Monk)                 Turns: 255, Time: 00:01:31

Health: -2/16      AC:  2    Str:  7    XL:     2   Next: 10%
Magic:  3/3        EV: 20    Int: 11    God:
Gold:   13         SH:  0    Dex: 18    Spells: 1/1 levels left

rFire    . . .     SeeInvis +   a - +0 short sword
rCold    . . .     Gourm    .   (shield restricted)
rNeg     . . .     Faith    .   b - +0 robe
rPois    .         Spirit   .   (helmet restricted)
rElec    .         Reflect  .   (no cloak)
rCorr    .         Harm     .   (gloves unavailable)
MR       .....                  (boots unavailable)
Stlth    +++.......             (no amulet)
HPRegen  0.05/turn              (no ring)
MPRegen  0.08/turn              (no ring)

@: very quick
A: very small, unfitting armour, see invisible, herbivore, speed 3, slow
metabolism 2
a: no special abilities


You were on level 3 of the Dungeon.
You were not hungry.

You visited 1 branch of the dungeon, and saw 3 of its levels.

You collected 13 gold pieces.

Inventory:

Hand Weapons
 a - a +0 short sword (weapon)
Armour
 b - a +0 robe (worn)
Scrolls
 f - a scroll of enchant armour {unknown}
Potions
 d - a potion of might {unknown}
 e - 3 potions of curing {unknown}
 g - a potion of heal wounds {unknown}
Comestibles
 c - 2 rations


   Skills:
 + Level 2.5 Fighting
 + Level 3.4 Short Blades
 + Level 4.6 Dodging
 * Level 3.6 Stealth


You had one spell level left.
You didn't know any spells.
Your spell library was empty.

Dungeon Overview and Level Annotations

Branches:
Dungeon (3/15)

Altars:


Innate Abilities, Weirdness & Mutations

You are very small and have problems with some larger weapons.
You are too small for most types of armour.
You have supernaturally acute eyesight. (SInv)
You are a herbivore.
You cover ground extremely quickly.
You need to consume almost no food.


Message History

The dart slug is lightly wounded.
You hit the dart slug.
The dart slug is moderately wounded.
The dart slug launches a dart at you. The slug dart misses you.
You hit the dart slug.
The dart slug is severely wounded.
The dart slug completely misses you.
You hit the dart slug but do no damage.
The dart slug is severely wounded.
You hit the dart slug.
The dart slug is almost dead.
The dart slug misses you.
You hit the dart slug.
You kill the dart slug!
You have reached level 2!
A rat and a quokka come into view.
The ice beast hits you. The ice beast freezes you!
Ouch! That really hurt!
You die...

<. ... .#.# #.#.#
.......... #.#.#.#.#
r....... ###
#.#.#.#.#######+# #..
......†.......#.#####..
.#.#.#Y#.## #......##..
.......@..####.# #.##..
.#.#.#.#.#.....####.....
########...........
#...........
#.........## ####....###
#....# ######


You could see an ice beast and a quokka.

Vanquished Creatures
  A dart slug (D:3)
  A goblin (D:2)
  2 hobgoblins
  A kobold (D:2)
  A bat (D:2)
  A frilled lizard (D:2)
  A rat (D:2)
8 creatures vanquished.

Notes
Turn   | Place    | Note
-------+----------+-------------------------------------------
     0 | D:1      | iamserjio the Spriggan Monk began the quest for the Orb.
     0 | D:1      | Reached XP level 1. HP: 11/11 MP: 2/2
    25 | D:1      | You fall through a shaft!
   247 | D:3      | Noticed an ice beast
   254 | D:3      | Reached XP level 2. HP: 14/16 MP: 3/3
   255 | D:3      | Slain by an ice beast

Vault maps used:
D:1:      lightli_arrival_farm, kennysheep_doodads,
          nemelex_xobeh_ov_fountains_minmay
D:3:      first_ration, minmay_misc_feat_room, st_stairs_10, grunt_ministairs_2

Action                   || total
-------------------------++-------
Melee: Short sword       ||    25
 Stab: Sleeping          ||     3
Armor: Robe              ||     5
Dodge: Dodged            ||    22

Table legend:
 A = Spawn XP
 B = Non-spawn XP
 C = Spawn XP percentage of total XP
 D = Spawn monster count
 E = Non-spawn monster count
 F = Spawn count percentage of total count
 G = Total turns spent on level
                    A         B        C        D         E        F      G
               +---------+---------+-------+---------+---------+-------+---------
         Total |       0 |      15 |   0.0 |       0 |       8 |   0.0 |   255
               +---------+---------+-------+---------+---------+-------+---------
           D:2 |       0 |       9 |   0.0 |       0 |       6 |   0.0 |   178
           D:3 |       0 |       6 |   0.0 |       0 |       2 |   0.0 |    52
               +---------+---------+-------+---------+---------+-------+---------
